 Dungeon Crawl Stone Soup version 0.29.1-2-gbd0b4ee654 (webtiles) character file.

Game seed: 15914129504193356680

298 Godmorgon the Trooper (level 6, -1/49 HPs)
             Began as a Formicid Abyssal Knight on Oct 24, 2022.
             Was a Priest of Lugonu.
             Slain by an ogre
             ... wielding a +0 giant spiked club
              (13 damage)
             ... on level 4 of the Dungeon.
             The game lasted 00:10:41 (3967 turns).

Godmorgon the Trooper (Formicid Abyssal Knight)     Turns: 3967, Time: 00:10:42

Health: -1/49      AC: 11    Str: 19    XL:     6   Next: 62%
Magic:  8/8        EV:  7    Int: 16    God:    Lugonu [***...]
Gold:   109        SH:  0    Dex: 14    Spells: 5/5 levels left

rFire   . . .      SeeInvis +   a - +1 mace
rCold   . . .      Faith    .   (no shield)
rNeg    . . .      Spirit   .   g - +0 chain mail
rPois   .          Reflect  .   (helmet unavailable)
rElec   .          Harm     .   t - +1 cloak
rCorr   .          Rampage  .   p - +0 pair of gloves
Will    .....                   (no boots)
Stlth   ..........              (no amulet)
HPRegen 0.16/turn               r - +6 ring of intelligence
MPRegen 0.11/turn               (no ring)

@: no status effects
A: permanent stasis, dig shafts and tunnels, antennae 3, four strong arms
a: Dig, Shaft Self, Renounce Religion, Depart the Abyss, Bend Space, Banish


You were on level 4 of the Dungeon.
You worshipped Lugonu.
Lugonu was most pleased with you.
You visited 1 branch of the dungeon, and saw 4 of its levels.
You visited the Abyss 1 time.

You collected 109 gold pieces.

Inventory:

Hand Weapons
 a - a +1 mace (weapon)
Missiles
 c - 6 poisoned darts (quivered)
 o - 2 silver javelins
Armour
 g - a +0 chain mail (worn)
 p - a +0 pair of gloves (worn)
 t - a +1 cloak (worn)
Jewellery
 r - a +6 ring of intelligence (left hand)
Wands
 q - a wand of digging (4)
 y - a wand of acid (10)
Scrolls
 b - a scroll of brand weapon {unknown}
 e - a scroll of poison {unknown}
 h - 4 scrolls of identify {unknown}
 j - a scroll of magic mapping {unknown}
 l - 2 scrolls of teleportation {unknown}
 m - a scroll of fog {unknown}
 n - a scroll of silence {unknown}
 u - a scroll of amnesia {unknown}
 v - a scroll of fear {unknown}
 w - a scroll of enchant armour {unknown}
 x - a scroll of enchant weapon {unknown}
Potions
 d - 2 potions of ambrosia {unknown}
 f - 4 potions of mutation {unknown}
 i - 5 potions of heal wounds {unknown}
 k - 2 potions of flight {unknown}
 s - a potion of degeneration {unknown}
 z - a potion of curing {unknown}


   Skills:
 + Level 4.3 Fighting
 * Level 4.0 Maces & Flails
 * Level 3.2 Throwing
 - Level 2.1 Armour
 - Level 0.8 Dodging
 + Level 3.8 Invocations


You had 5 spell levels left.
You didn't know any spells.
Your spell library was empty.

Dungeon Overview and Level Annotations

Branches:
Dungeon (4/15)
 Temple: D:4-7

Altars:
Gozag
Nemelex Xobeh

Annotations:
D:2 1 runed translucent door, Crazy Yiuf


Innate Abilities, Weirdness & Mutations

You cannot be hasted, slowed, berserked, paralysed or teleported.
You can dig through walls and to a lower floor.
You have a pair of large antennae on your head. (SInv)
Your four strong arms can wield two-handed weapons with a shield.


Message History

The floor.
An ogre comes into view. It is wielding a +0 giant spiked club.
The ogre shouts!
You see here a +2 dagger of draining.
You hit the goblin but do no damage.
An ogre comes into view. It is wielding a +0 giant club.
The goblin hits you but does no damage. The hound skeleton barely misses you.
The goblin hits you with a +0 club.
There is a stone staircase leading up here.
The hound skeleton bites you. The goblin closely misses you.
You climb upwards.
There is a stone staircase leading down here.
You barely miss the goblin. The goblin hits you but does no damage.
You barely miss the goblin. The goblin hits you with a +0 club.
You hit the goblin.
The goblin is severely wounded.
The goblin hits you with a +0 club.
You closely miss the goblin.
The goblin is severely wounded.
The goblin hits you but does no damage. x2
You hit the goblin.
You kill the goblin!
Lugonu accepts your kill.
You start resting.
HP restored.
You climb downwards.
The hound skeleton bites you but does no damage.
The hobgoblin hits you.
The ogre hits you with a +0 giant spiked club!!
Ouch! That really hurt!
* * * LOW HITPOINT WARNING * * *
The scorpion zombie hits you but does no damage.
The hound skeleton barely misses you.
You hear a shout! x2
There is a stone staircase leading up, spattered with blood here.
The hound skeleton barely misses you.
The hobgoblin hits you but does no damage.
The scorpion zombie hits you but does no damage.
The ogre hits you with a +0 giant spiked club!
You die...

### .#. ###.##
##
....#....##..##
#.....OZ....#
#.)@....#
#.....ZgZ#.#.#
........Z# #
.#........
#.O.......
O..........#
...##......#
..# #.....##


You could see 2 ogres, 2 hound zombies, a scorpion zombie, a hobgoblin and a
hound skeleton.

Vanquished Creatures
  Sigmund (D:2)
  Terence (D:2)
  Robin (D:1)
  A gnoll (D:3)
  2 adders
  An ufetubus (D:3)
  A worm (D:1)
  A dart slug (D:2)
  An orc (D:3)
  4 ball pythons
  5 bats
  4 endoplasms
  7 giant cockroaches
  15 goblins
  9 hobgoblins
  4 jackals
  A quokka (D:2)
  3 frilled lizards
  3 kobolds
  2 rats (D:1)
67 creatures vanquished.

Notes
Turn   | Place    | Note
-------+----------+-------------------------------------------
     0 | Abyss:1  | Godmorgon the Formicid Abyssal Knight began the quest for
                  | the Orb.
     0 | Abyss:1  | Reached XP level 1. HP: 18/18 MP: 2/2
    10 | Abyss:1  | Found a corrupted altar of Lugonu.
    16 | D:1      | Escaped the Abyss
   294 | D:1      | Reached XP level 2. HP: 18/24 MP: 3/3
  1106 | D:1      | Reached skill level 1 in Throwing
  1106 | D:1      | Reached XP level 3. HP: 28/29 MP: 4/4
  1726 | D:2      | Noticed Terence
  2045 | D:2      | Noticed Robin
  2047 | D:2      | Noticed Sigmund
  2056 | D:1      | Reached XP level 4. HP: 5/37 MP: 6/6
  2424 | D:1      | Reached *** piety under Lugonu
  2435 | D:1      | Killed Robin
  2562 | D:2      | Killed Sigmund
  2563 | D:2      | Reached XP level 5. HP: 29/42 MP: 7/7
  2563 | D:2      | Reached XP level 6. HP: 33/48 MP: 8/8
  2728 | D:2      | Found a runed translucent door.
  2729 | D:2      | Noticed Crazy Yiuf
  2821 | D:2      | Killed Terence
  3070 | D:3      | Found a faded altar of an unknown god.
  3439 | D:3      | Found a sparkling altar of Nemelex Xobeh.
  3439 | D:3      | Found an opulent altar of Gozag.
  3905 | D:4      | Noticed an ogre
  3906 | D:4      | Noticed an ogre
  3967 | D:4      | Slain by an ogre

Illustrated notes

Levels and vault maps discovered:
D:1:      tarquinn_simple_flora_water_d, layout_basic, st_stairs_13,
          serial_park_tiny_2, minmay_tromino_mix6
D:2:      layout_rooms, uniq_terence, uniq_crazy_yiuf_cottage, uniq_robin,
          uniq_sigmund
D:3:      layout_loops_cross, grunt_temple_overflow_opulence,
          basic_ecumenical_altar, minmay_three_crescents
D:4:      layout_cave_pools, mainiacjoe_overflow_cross_hatched,
          nicolae_overflow_hidden_temple, lemuel_round_altar,
          minmay_temple_entry_fiery, serial_undead, serial_undead_a,
          serial_undead_a, serial_undead_d, serial_undead_f, serial_undead_a,
          serial_undead_f, dilly_guarded_unrand_devastator, uniq_menkaure

Skill      XL: |  1  2  3  4  5  6 |
---------------+-------------------+-----
Throwing       | 1 2 3 |  3.2
Maces & Flails | 3 4 |  4.0
Invocations    | 3 |  3.8
Fighting       | 4 |  4.3
Armour         | |  2.1
Dodging        | |  0.8

Action                   |  1- 3 |  4- 6 || total
-------------------------+-------+-------++-------
Melee: Mace              |    99 |   133 ||   232
       Punch             |     1 |     1 ||     2
Throw: Dart              |     3 |     6 ||     9
Invok: Bend Space        |     2 |       ||     2
Armor: Leather armour    |    12 |       ||    12
       Chain mail        |    73 |   116 ||   189
Dodge: Dodged            |    67 |    76 ||   143
